TOP OF THE 1ST |
Broken Arrow HS batting - Pitching for John Jay HS Patriots : LHP Ernest Hutchinson
|
Pitching: LHP Ernest Hutchinson
|
|
Batting: RHB Irwin Robinson
|
0-0: Called Strike 0-1: Ball 1-1: Foul Ball, location: 2F 1-2: Ground out 6-3 (Groundball, 6)
|
Batting: RHB Robert Cannon
|
0-0: Ball 1-0: Called Strike 1-1: SOLO HOME RUN (Line Drive, 78XD) (Inside the Park)
|
Batting: RHB Júlio Hobbs
|
0-0: Called Strike 0-1: Foul Ball, location: 2F 0-2: Strikes out swinging
|
Batting: RHB Christian Moss
|
0-0: Swinging Strike 0-1: Ball 1-1: Ball 2-1: Foul Ball, location: 2F 2-2: SINGLE (Line Drive, 89S)
|
Batting: RHB George Green
|
0-0: Ball 1-0: Called Strike 1-1: Called Strike 1-2: Strikes out swinging
|
Top of the 1st over - 1 run(s), 2 hit(s), 0 error(s), 1 left on base; Broken Arrow HS 1 - John Jay HS 0 |
BOTTOM OF THE 1ST |
John Jay HS Patriots batting - Pitching for Broken Arrow HS : LHP Mark Riggs
|
Pitching: LHP Mark Riggs
|
|
Batting: SHB Theodore Cook
|
0-0: Ball 1-0: Called Strike 1-1: DOUBLE (Line Drive, 89S)
|
Batting: RHB Carlos Salas
|
0-0: Ball 1-0: Ball 2-0: Swinging Strike 2-1: Foul Ball, location: 2F 2-2: SINGLE (Groundball, 56) Theodore Cook to third Runner from 3rd tries for Home, SAFE, no throw or cutoff
|
Batting: SHB Andre Keeler
|
0-0: Called Strike 0-1: Called Strike 0-2: Foul Ball, location: 2F 0-2: Fielders Choice at 2nd, 5-4 (Groundball, 5L)
|
Batting: RHB Micheal Banks
|
Pickoff Throw to First - Out! 0-0: Ball 1-0: SINGLE (Groundball, 56D)
|
Batting: RHB Esteban Concepción
|
0-0: Ball 1-0: Called Strike 1-1: Foul Ball, location: 2F 1-2: Ball 2-2: Strikes out swinging
|
Bottom of the 1st over - 1 run(s), 3 hit(s), 0 error(s), 1 left on base; Broken Arrow HS 1 - John Jay HS 1 |
TOP OF THE 2ND |
Broken Arrow HS batting - Pitching for John Jay HS Patriots : LHP Ernest Hutchinson
|
Batting: LHB António Chávez
|
0-0: Ball 1-0: Ball 2-0: Ball 3-0: Base on Balls
|
Batting: RHB Víctor León
|
0-0: Called Strike 0-1: Foul Ball, location: 2F 0-2: Foul Ball, location: 2F 0-2: Foul Ball, location: 2F 0-2: Ball 1-2: DOUBLE (Line Drive, 8LM) António Chávez to third
|
Batting: RHB Ronnie Starr
|
0-0: Called Strike 0-1: Foul Ball, location: 2F 0-2: Fly out, F5 (Popup, 5F)
|
Batting: LHB Jon Jackson
|
0-0: Ball 1-0: Called Strike 1-1: Called Strike 1-2: Strikes out looking
|
Batting: RHB Irwin Robinson
|
0-0: Ball 1-0: Fly out, F9 (Flyball, 89M)
|
Top of the 2nd over - 0 run(s), 1 hit(s), 0 error(s), 2 left on base; Broken Arrow HS 1 - John Jay HS 1 |
BOTTOM OF THE 2ND |
John Jay HS Patriots batting - Pitching for Broken Arrow HS : LHP Mark Riggs
|
Batting: RHB Jason Taylor
|
0-0: Called Strike 0-1: Ball 1-1: Ball 2-1: Swinging Strike 2-2: Fly out, F5 (Popup, 2L)
|
Batting: RHB Robert Porter
|
0-0: Ball 1-0: Reached on error, E6 (Groundball, 6)
|
Batting: SHB Karl Webster
|
0-0: Ball 1-0: Ball 2-0: Foul Ball, location: 2F 2-1: Ground out 5-3 (Groundball, 56)
|
Batting: LHB Tim Griffith
|
0-0: Foul Ball, location: 2F 0-1: Called Strike 0-2: Ball 1-2: SINGLE (Line Drive, 34) Robert Porter to third Throwing error, E9 Robert Porter scores Tim Griffith to second
|
Batting: SHB Theodore Cook
|
0-0: Ball 1-0: Ball 2-0: Ball 3-0: Base on Balls
|
Batting: RHB Carlos Salas
|
0-0: Ball 1-0: Ball 2-0: Called Strike 2-1: Fly out, F6 (Line Drive, 6)
|
Bottom of the 2nd over - 1 run(s), 1 hit(s), 2 error(s), 2 left on base; Broken Arrow HS 1 - John Jay HS 2 |
TOP OF THE 3RD |
Broken Arrow HS batting - Pitching for John Jay HS Patriots : LHP Ernest Hutchinson
|
Batting: RHB Robert Cannon
|
0-0: Fly out, F2 (Popup, 2RF)
|
Batting: RHB Júlio Hobbs
|
0-0: Called Strike 0-1: Called Strike 0-2: Foul Ball, location: 2F 0-2: Strikes out looking
|
Batting: RHB Christian Moss
|
0-0: Foul Ball, location: 2F 0-1: Swinging Strike 0-2: Strikes out swinging
|
Top of the 3rd over - 0 run(s), 0 hit(s), 0 error(s), 0 left on base; Broken Arrow HS 1 - John Jay HS 2 |
BOTTOM OF THE 3RD |
John Jay HS Patriots batting - Pitching for Broken Arrow HS : LHP Mark Riggs
|
Batting: SHB Andre Keeler
|
0-0: Called Strike 0-1: Ball 1-1: Ball 2-1: Foul Ball, location: 2F 2-2: SINGLE (Groundball, 4M)
|
Batting: RHB Micheal Banks
|
0-0: Called Strike 0-1: Ball 1-1: Ball 2-1: Ball 3-1: Foul Ball, location: 2F 3-2: Foul Ball, location: 2F 3-2: Foul Ball, location: 2F 3-2: DOUBLE (Line Drive, 5L) Andre Keeler to third Andre Keeler scores
|
Batting: RHB Esteban Concepción
|
0-0: Called Strike 0-1: Foul Ball, location: 2F 0-2: Ball 1-2: Ball 2-2: Ball 3-2: Foul Ball, location: 2F 3-2: Foul Ball, location: 2F 3-2: Ground out 5-3 (Groundball, 5)
|
Batting: RHB Jason Taylor
|
0-0: Fly out, F7 (Line Drive, 78M)
|
Batting: RHB Robert Porter
|
0-0: Ground out U3 (Groundball, 3S)
|
Bottom of the 3rd over - 1 run(s), 2 hit(s), 0 error(s), 1 left on base; Broken Arrow HS 1 - John Jay HS 3 |
TOP OF THE 4TH |
Broken Arrow HS batting - Pitching for John Jay HS Patriots : LHP Ernest Hutchinson
|
Batting: RHB George Green
|
0-0: Foul Ball, location: 2F 0-1: Ball 1-1: Ball 2-1: Foul Ball, location: 2F 2-2: Ball 3-2: Strikes out swinging
|
Batting: LHB António Chávez
|
0-0: Swinging Strike 0-1: Ball 1-1: Foul Ball, location: 2F 1-2: Ground out 4-3 (Groundball, 4M)
|
Batting: RHB Víctor León
|
0-0: Called Strike 0-1: Foul Ball, location: 2F 0-2: Ball 1-2: Foul Ball, location: 2F 1-2: SINGLE (Line Drive, 6D)
|
Batting: RHB Ronnie Starr
|
0-0: Ball 1-0: Called Strike 1-1: Ball 2-1: Fly out, F7 (Flyball, 7M)
|
Top of the 4th over - 0 run(s), 1 hit(s), 0 error(s), 1 left on base; Broken Arrow HS 1 - John Jay HS 3 |
BOTTOM OF THE 4TH |
John Jay HS Patriots batting - Pitching for Broken Arrow HS : LHP Mark Riggs
|
Batting: SHB Karl Webster
|
0-0: Called Strike 0-1: Fly out, F5 (Popup, 5S)
|
Batting: LHB Tim Griffith
|
0-0: Fly out, F8 (Flyball, 8LM)
|
Batting: SHB Theodore Cook
|
0-0: Fly out, F4 (Popup, 34D)
|
Bottom of the 4th over - 0 run(s), 0 hit(s), 0 error(s), 0 left on base; Broken Arrow HS 1 - John Jay HS 3 |
TOP OF THE 5TH |
Broken Arrow HS batting - Pitching for John Jay HS Patriots : LHP Ernest Hutchinson
|
Batting: LHB Jon Jackson
|
0-0: Swinging Strike 0-1: Called Strike 0-2: Strikes out swinging
|
Batting: RHB Irwin Robinson
|
0-0: Ball 1-0: SINGLE (Groundball, 4MD)
|
Batting: RHB Robert Cannon
|
Balk! Irwin Robinson to second 0-0: Ball 1-0: Foul Ball, location: 2F 1-1: Swinging Strike 1-2: Foul Ball, location: 2F 1-2: Ball 2-2: Foul Ball, location: 2F 2-2: DOUBLE (Line Drive, 78S) Irwin Robinson scores
|
Batting: RHB Júlio Hobbs
|
0-0: Called Strike 0-1: Ball 1-1: Ball 2-1: Ball 3-1: Foul Ball, location: 2F 3-2: Strikes out swinging
|
Pitching: RHP Tom Brown
|
|
Batting: RHB Christian Moss
|
0-0: Ground out 6-3 (Groundball, 6M)
|
Top of the 5th over - 1 run(s), 2 hit(s), 0 error(s), 1 left on base; Broken Arrow HS 2 - John Jay HS 3 |
BOTTOM OF THE 5TH |
John Jay HS Patriots batting - Pitching for Broken Arrow HS : LHP Mark Riggs
|
Batting: RHB Carlos Salas
|
0-0: Ball 1-0: Foul Ball, location: 2F 1-1: Ball 2-1: Foul Ball, location: 2F 2-2: Foul Ball, location: 2F Reached via error on a dropped throw, E3
|
Batting: SHB Andre Keeler
|
0-0: Ball 1-0: Ball 2-0: Called Strike 2-1: Ball 3-1: Foul Ball, location: 2F 3-2: Base on Balls Carlos Salas to second
|
Pitching: RHP Bob Freitas
|
|
Batting: RHB Micheal Banks
|
0-0: Called Strike 0-1: DOUBLE (Line Drive, 7D) Carlos Salas scores Andre Keeler to third
|
Batting: RHB Esteban Concepción
|
0-0: Ball 1-0: Foul Ball, location: 2F 1-1: Reached on error, E3 (Groundball, 3S) Andre Keeler scores Micheal Banks to third
|
Batting: RHB Jason Taylor
|
0-0: Called Strike 0-1: Ball 1-1: Called Strike 1-2: Strikes out looking
|
Batting: RHB Robert Porter
|
0-0: SINGLE (Flyball, 7S) Micheal Banks scores Esteban Concepción to second
|
Batting: SHB Karl Webster
|
0-0: Called Strike 0-1: Ball 1-1: Swinging Strike 1-2: Fly out, F8 (Flyball, 8LM)
|
Batting: LHB Tim Griffith
|
0-0: Swinging Strike 0-1: Ball 1-1: Ball 2-1: Ball 3-1: Fly out, F7 (Flyball, 7M)
|
Bottom of the 5th over - 3 run(s), 2 hit(s), 2 error(s), 2 left on base; Broken Arrow HS 2 - John Jay HS 6 |
TOP OF THE 6TH |
Broken Arrow HS batting - Pitching for John Jay HS Patriots : RHP Tom Brown
|
Batting: RHB George Green
|
0-0: Called Strike 0-1: Foul Ball, location: 2F 0-2: Ball 1-2: Foul Ball, location: 2F 1-2: Ball 2-2: Fly out, F8 (Flyball, 8LM)
|
Batting: LHB António Chávez
|
0-0: Ball 1-0: Foul Ball, location: 2F 1-1: Swinging Strike 1-2: SOLO HOME RUN (Flyball, 9LD), Distance : 351 ft
|
Batting: RHB Víctor León
|
0-0: Foul Ball, location: 2F 0-1: Foul Ball, location: 2F 0-2: Strikes out looking
|
Batting: RHB Ronnie Starr
|
0-0: Called Strike 0-1: Fly out, F8 (Flyball, 89M)
|
Top of the 6th over - 1 run(s), 1 hit(s), 0 error(s), 0 left on base; Broken Arrow HS 3 - John Jay HS 6 |
BOTTOM OF THE 6TH |
John Jay HS Patriots batting - Pitching for Broken Arrow HS : RHP Bob Freitas
|
Batting: SHB Theodore Cook
|
0-0: Ball 1-0: Ball 2-0: Ball 3-0: Called Strike 3-1: Base on Balls
|
Batting: RHB Carlos Salas
|
0-0: Ball 1-0: Ball 2-0: Called Strike 2-1: Ball 3-1: Foul Ball, location: 2F 3-2: Foul Ball, location: 2F 3-2: Foul Ball, location: 2F 3-2: Base on Balls Theodore Cook to second
|
Batting: SHB Andre Keeler
|
0-0: Called Strike 0-1: Foul Ball, location: 2F 0-2: Foul Ball, location: 2F 0-2: Ball 1-2: SINGLE (Groundball, 6M) Theodore Cook to third Carlos Salas to second Runner from 3rd tries for Home, SAFE, no throw or cutoff
|
Pitching: RHP Bill Pearson
|
|
Batting: RHB Micheal Banks
|
0-0: Grounds into DOUBLE play, U5-4-3 0-0: Grounds into DOUBLE play, U5-4-3 (Groundball, 5L)
|
Batting: RHB Esteban Concepción
|
0-0: DOUBLE (Line Drive, 7LM) Micheal Banks to third Runner from 3rd tries for Home, throw and OUT!
|
Bottom of the 6th over - 1 run(s), 2 hit(s), 0 error(s), 1 left on base; Broken Arrow HS 3 - John Jay HS 7 |
TOP OF THE 7TH |
Broken Arrow HS batting - Pitching for John Jay HS Patriots : RHP Tom Brown
|
Batting: LHB Jon Jackson
|
0-0: SINGLE (Groundball, 4MD)
|
Batting: RHB Irwin Robinson
|
0-0: Called Strike 0-1: Foul Ball, location: 2F 0-2: Ball 1-2: Ball 2-2: Foul Ball, location: 2F 2-2: Fly out, F7 (Flyball, 78M)
|
Batting: RHB Robert Cannon
|
0-0: Ball 1-0: Fly out, F9 (Popup, 89S)
|
Batting: RHB Júlio Hobbs
|
0-0: Fly out, F8 (Flyball, 8RM)
|
Top of the 7th over - 0 run(s), 1 hit(s), 0 error(s), 1 left on base; Broken Arrow HS 3 - John Jay HS 7 |
BOTTOM OF THE 7TH |
John Jay HS Patriots batting - Pitching for Broken Arrow HS : RHP Bill Pearson
|
Batting: RHB Jason Taylor
|
0-0: Ball 1-0: Called Strike 1-1: Foul Ball, location: 2F 1-2: Ball 2-2: Ground out 5-3 (Groundball, 56)
|
Batting: RHB Robert Porter
|
0-0: Called Strike 0-1: Swinging Strike 0-2: Strikes out swinging
|
Batting: SHB Karl Webster
|
0-0: Called Strike 0-1: Ground out 4-3 (Groundball, 4)
|
Bottom of the 7th over - 0 run(s), 0 hit(s), 0 error(s), 0 left on base; Broken Arrow HS 3 - John Jay HS 7 |
TOP OF THE 8TH |
Broken Arrow HS batting - Pitching for John Jay HS Patriots : RHP Tom Brown
|
Pitching: RHP Andre Huff
|
|
Batting: RHB Christian Moss
|
0-0: Ball 1-0: Ball 2-0: Foul Ball, location: 2F 2-1: Swinging Strike 2-2: Ball 3-2: Fly out, F4 (Popup, 4)
|
Batting: RHB George Green
|
0-0: Foul Ball, location: 2F 0-1: Foul Ball, location: 2F 0-2: SINGLE (Groundball, 25) (infield hit)
|
Batting: LHB António Chávez
|
0-0: Foul Ball, location: 2F 0-1: Called Strike 0-2: Ball 1-2: Strikes out swinging
|
Batting: RHB Víctor León
|
0-0: Fly out, F9 (Flyball, 9LM)
|
Top of the 8th over - 0 run(s), 1 hit(s), 0 error(s), 1 left on base; Broken Arrow HS 3 - John Jay HS 7 |
BOTTOM OF THE 8TH |
John Jay HS Patriots batting - Pitching for Broken Arrow HS : RHP Bill Pearson
|
Pitching: RHP Ernest Melton
|
|
Batting: LHB Tim Griffith
|
0-0: Called Strike 0-1: SOLO HOME RUN (Flyball, 89XD), Distance : 431 ft
|
Batting: SHB Theodore Cook
|
0-0: SOLO HOME RUN (Flyball, 9D), Distance : 391 ft
|
Batting: RHB Carlos Salas
|
0-0: Foul Ball, location: 2F 0-1: Foul Ball, location: 2F 0-2: Foul Ball, location: 2F 0-2: Ball 1-2: Strikes out swinging
|
Batting: SHB Andre Keeler
|
0-0: Ball 1-0: Swinging Strike 1-1: SINGLE (Flyball, 7S)
|
Batting: RHB Micheal Banks
|
0-0: Called Strike 0-1: Foul Ball, location: 2F 0-2: Foul Ball, location: 2F 0-2: Ball Andre Keeler steals 2nd base 1-2: Ball 2-2: Ball 3-2: SINGLE (Groundball, 56D) Andre Keeler to third Runner from 3rd tries for Home, SAFE, no throw or cutoff
|
Batting: RHB Esteban Concepción
|
0-0: Fly out, F8 (Flyball, 78M)
|
Batting: RHB Jason Taylor
|
0-0: Called Strike 0-1: Ball 1-1: Swinging Strike 1-2: Fly out, F5 (Line Drive, 5S)
|
Bottom of the 8th over - 3 run(s), 4 hit(s), 0 error(s), 1 left on base; Broken Arrow HS 3 - John Jay HS 10 |
TOP OF THE 9TH |
Broken Arrow HS batting - Pitching for John Jay HS Patriots : RHP Andre Huff
|
Now at C: Henry Catron
|
|
Batting: RHB Ronnie Starr
|
0-0: Ground out 5-3 (Groundball, 5)
|
Batting: LHB Jon Jackson
|
0-0: Called Strike 0-1: Ball 1-1: Swinging Strike 1-2: Strikes out swinging
|
Batting: RHB Irwin Robinson
|
0-0: Ball 1-0: Ground out 1-3 (Groundball, 13)
|
Top of the 9th over - 0 run(s), 0 hit(s), 0 error(s), 0 left on base; Broken Arrow HS 3 - John Jay HS 10 |
|